 Dungeon Crawl Stone Soup version 0.25-a0-58-g9dd530fc12 (webtiles) character file.

Game seed: 4391807940788104928, levelgen mode: deterministic

530 Chiseanne the Skirmisher (level 7, 52/56 HPs)
             Began as a Demonspawn Wanderer on Oct 26, 2019.
             Quit the game on level 4 of the Dungeon.
             The game lasted 00:07:20 (3740 turns).

Chiseanne the Skirmisher (Demonspawn Wanderer)      Turns: 3740, Time: 00:07:20

Health: 52/56      AC: 12    Str: 13    XL:     7   Next: 3%
Magic:  7/7        EV: 12    Int: 12    God:
Gold:   240        SH:  0    Dex: 15    Spells: 6/6 levels left

rFire    . . .     SeeInvis .   a - +2 spear
rCold    . . .     Gourm    .   (no shield)
rNeg     + . .     Faith    .   r - +3 ring mail {rN+}
rPois    .         Spirit   .   (no helmet)
rElec    .         Reflect  .   (no cloak)
rCorr    .         Harm     .   (no gloves)
MR       .....                  D - +0 pair of boots
Stlth    ++........             (no amulet)
HPRegen  0.18/turn              (no ring)
MPRegen  0.10/turn              (no ring)

@: no status effects
A: slimy green scales 1, demonic guardian 1, nightstalker 1
a: no special abilities


You were on level 4 of the Dungeon.
You were hungry.

You visited 1 branch of the dungeon, and saw 4 of its levels.
You also visited: Sewer.

You collected 240 gold pieces.

Inventory:

Hand Weapons
 a - a +2 spear (weapon)
 f - a +1 dagger of holy wrath
 i - a +0 spear of freezing
 B - a +0 broad axe
 G - a +1 long sword of protection
Missiles
 e - 8 boomerangs (quivered)
 k - 121 stones
 o - 18 arrows
 p - 7 javelins
 v - 23 bolts
Armour
 c - a +0 leather armour of poison resistance
 r - a +3 ring mail of positive energy (worn)
 A - a +0 troll leather armour {Purgy}
 D - a +0 pair of boots (worn)
Jewellery
 q - an uncursed ring of protection from fire {unknown}
 H - a cursed ring of ice {unknown}
Wands
 u - a wand of iceblast (9)
 x - a wand of disintegration (9)
Scrolls
 b - 2 scrolls of teleportation
 h - 3 scrolls of enchant armour
 l - 2 scrolls of remove curse
 m - a scroll of fear
 y - a scroll of blinking
 I - a scroll of magic mapping {unknown}
Potions
 g - a potion of lignification {unknown}
 j - a potion of ambrosia {unknown}
 n - 2 potions of curing
 s - a potion of cancellation {unknown}
 t - a potion of resistance {unknown}
 w - a potion of agility {unknown}
 z - 2 potions of invisibility {unknown}
 C - 2 potions of heal wounds {unknown}
 F - a potion of haste {unknown}
Comestibles
 d - 8 rations
 E - 4 chunks of flesh


   Skills:
 * Level 5.2 Fighting
 - Level 1.7 Polearms
   Level 1.0 Crossbows
 * Level 4.2 Armour
 * Level 3.7 Dodging
 - Level 1.0 Stealth
 - Level 1.0 Evocations


You had 6 spell levels left.
You didn't know any spells.
Your spell library was empty.

Dungeon Overview and Level Annotations

Branches:
Dungeon (4/15)              Sewer (visited)
 Temple: D:4-7

Altars:


Innate Abilities, Weirdness & Mutations

You are partially covered in slimy green scales. (AC +2)
A weak demonic guardian rushes to your aid.
You are slightly more attuned to the shadows.


Message History

No target in view!
No target in view!
No target in view!
No target in view!
No target in view!
No target in view!
No target in view!
No target in view!
No target in view!
No target in view!
No target in view!
No target in view!
No target in view!
No target in view!
No target in view!
No target in view!
You now have 240 gold pieces (gained 10).
You are feeling hungry.
d - 8 rations (gained 1) Are you sure you want to abandon this character and quit the game? (Confirm with "yes".)

#..####........
#.........##...
#.................##...
.......................
...........#...........
...........#.........##
...........#...........
...#................# .
...##....#......@..##..
....#....##............
....#..#..##.##........
#......#.###.##.....#.#
##.......##...........#
#........###........###
#.........##...#....#
..........#....#.####
...............###


There were no monsters in sight!

Vanquished Creatures
  2 orc priests (D:4)
  3 hounds (D:4)
  A bullfrog skeleton (D:4)
  An orc wizard (D:4)
  3 worker ants (D:4)
  7 adders
  3 oozes
  An adder skeleton (D:4)
  A worm (D:2)
  A dart slug (D:3)
  4 leopard geckos
  5 orcs
  4 giant cockroaches
  6 hobgoblins
  5 jackals
  2 quokkas
  A ball python (D:1)
  9 bats
  5 frilled lizards
  8 goblins
  8 kobolds
  2 quokka skeletons (D:4)
  8 rats
90 creatures vanquished.

Vanquished Creatures (collateral kills)
  Purgy (Sewer)
  An iguana (D:4)
  A worker ant (D:4)
3 creatures vanquished.

Vanquished Creatures (others)
  A fungus (D:2)
  4 toadstools (D:2)
5 creatures vanquished.

Grand Total: 98 creatures vanquished

Notes
Turn   | Place    | Note
-------+----------+-------------------------------------------
     0 | D:1      | Chiseanne the Demonspawn Wanderer began the quest for the
                  | Orb.
     0 | D:1      | Chiseanne set off with the following items: a +2 spear, a
                  | scroll of teleportation, a +0 ring mail, a ration
     0 | D:1      | Reached XP level 1. HP: 18/18 MP: 1/1
   198 | D:1      | Gained mutation: You are partially covered in slimy green
                  | scales. (AC +2) [demonic ancestry]
   198 | D:1      | Reached XP level 2. HP: 24/24 MP: 2/2
   262 | D:1      | Reached skill level 1 in Dodging
   507 | D:1      | Reached XP level 3. HP: 29/29 MP: 3/3
  1282 | D:2      | Gained mutation: A weak demonic guardian rushes to your
                  | aid. [demonic ancestry]
  1282 | D:2      | Reached XP level 4. HP: 18/37 MP: 4/4
  1946 | D:3      | Reached skill level 4 in Fighting
  1968 | D:3      | Found a glowing drain.
  1986 | D:3      | Reached XP level 5. HP: 40/42 MP: 5/5
  2007 | Sewer    | Entered a sewer
  2129 | Sewer    | Noticed Purgy
  2137 | Sewer    | Killed Purgy
  2423 | D:3      | Found a faded altar of an unknown god.
  2924 | D:4      | Reached XP level 6. HP: 43/49 MP: 6/6
  3597 | D:4      | Reached skill level 5 in Fighting
  3718 | D:4      | Gained mutation: You are slightly more attuned to the
                  | shadows. [demonic ancestry]
  3718 | D:4      | Reached XP level 7. HP: 52/56 MP: 7/7
  3740 | D:4      | Quit the game

Levels and vault maps discovered:
D:1:      dpeg_arrival_long_road, layout_loops_ring
D:2:      layout_rooms, minmay_gold_behind_fungi, minivault_19
D:3:      layout_basic, portal_sewer_entry_d, first_ration,
          chequers_ecumenical_altar_simple_redux, kennysheep_generic_room_12
D:4:      layout_cave_pools

Skill      XL: |  1  2  3  4  5  6 |
---------------+-------------------+-----
Armour         | 2 3 4 |  4.2
Dodging        | 1 2 3 |  3.7
Fighting       | 4 5 |  5.2
Polearms       | |  1.7
Crossbows      | |  1.0
Stealth        | |  1.0
Evocations     | |  1.0

Action                   |  1- 3 |  4- 6 |  7- 9 || total
-------------------------+-------+-------+-------++-------
Melee: Spear             |   131 |   236 |    13 ||   380
Throw: Boomerang         |       |     2 |       ||     2
  Use: Scroll            |     1 |     9 |       ||    10
       Potion            |       |     1 |       ||     1
 Stab: Sleeping          |       |     2 |       ||     2
       Distracted        |       |     1 |       ||     1
  Eat: Chunk             |     1 |     8 |       ||     9
Armor: Ring mail         |    53 |   114 |     3 ||   170
Dodge: Dodged            |    61 |   135 |     8 ||   204

Table legend:
 A = Non-vault XP
 B = Vault XP
 C = Vault XP percentage of total XP
 D = Non-vault monster count
 E = Vault monster count
 F = Vault count percentage of total count
                 A         B        C        D         E       F
            +---------+---------+-------+---------+---------+-------
      Total |     645 |     113 |  14.9 |      85 |       8 |   8.6
            +---------+---------+-------+---------+---------+-------
        D:1 |      47 |       0 |   0.0 |      22 |       0 |   0.0
        D:2 |      69 |       0 |   0.0 |      23 |       0 |   0.0
        D:3 |      80 |      14 |  14.9 |      18 |       2 |  10.0
        D:4 |     449 |       0 |   0.0 |      22 |       0 |   0.0
      Sewer |       0 |      99 | 100.0 |       0 |       6 | 100.0
            +---------+---------+-------+---------+---------+-------
